 Dungeon Crawl Stone Soup version 0.22.0-27-ga576289 (webtiles) character file.

4 leisz the Grasshopper (level 1, 19/19 HPs)
             Began as a Troll Warper on Aug 22, 2018.
             Quit the game on level 2 of the Dungeon.
             The game lasted 00:02:37 (974 turns).

leisz the Grasshopper (Troll Warper)                 Turns: 974, Time: 00:02:38

Health: 19/19      AC:  5    Str: 18    XL:     1   Next: 50%
Magic:  1/1        EV: 10    Int:  9    God:
Gold:   11         SH:  0    Dex:  9    Spells: 2/2 levels left

rFire    . . .     SeeInvis .   a - +0 mace
rCold    . . .     Gourm    +   (no shield)
rNeg     . . .     Faith    .   b - +0 robe
rPois    .         Spirit   .   (helmet restricted)
rElec    .         Reflect  .   (no cloak)
rCorr    .         Harm     .   (gloves unavailable)
MR       .....                  (boots unavailable)
Stlth    +.........             (no amulet)
HPRegen  0.46/turn              (no ring)
MPRegen  0.07/turn              (no ring)

@: no status effects
A: large, unfitting armour, claws 3, fast metabolism 3, gourmand, regeneration
1, shaggy fur 1, tough skin 2
a: no special abilities


You were on level 2 of the Dungeon.
You were not hungry.

You visited 1 branch of the dungeon, and saw 2 of its levels.

You collected 11 gold pieces.

Inventory:

Hand Weapons
 a - a +0 mace (weapon)
Missiles
 e - 5 tomahawks of dispersal (quivered)
Armour
 b - a +0 robe (worn)
Scrolls
 c - a scroll of amnesia {unknown}
 d - a scroll of blinking
 f - a scroll of identify {unknown}


   Skills:
 + Level 1.6 Fighting
 + Level 1.8 Maces & Flails
 + Level 1.0 Throwing
 + Level 2.0 Dodging
 + Level 1.3 Spellcasting
   Level 2.1 Translocations


You had 2 spell levels left.
You didn't know any spells.
Your spell library contained the following spells:

 Spells                   Type           Power        Failure   Level  Hunger
 Blink                    Tloc           N/A          22%         2    ###....
 Shroud of Golubria       Chrm/Tloc      #.........   34%         2    ###....
 Gell's Gravitas          Tloc           #.........   41%         3    ####...
 Lesser Beckoning         Tloc           #.........   41%         3    ####...
 Teleport Other           Tloc           #.......     41%         3    ####...
 Passage of Golubria      Tloc           N/A          82%         4    #####..


Dungeon Overview and Level Annotations

Branches:
Dungeon (2/15)

Altars:


Innate Abilities, Weirdness & Mutations

You are too large for most types of armour.
You have claws for hands.
Your metabolism is lightning-fast.
You like to eat raw meat.
Your natural rate of healing is unusually fast.
You are covered in fur. (AC +1)
You have very tough skin. (AC +2)


Message History

You need to eat something NOW!
You need to eat something NOW!
You eat the ration.
That ration really hit the spot!
You now have 11 gold pieces.
You see here a hobgoblin corpse.
There is an open door here.
f - a scroll labeled ANNAQU SOETEW
There is a stone staircase leading down here.
You climb downwards.
Found a ruby potion.
Found a stone staircase leading up.
There is a stone staircase leading up here.
Found a stone staircase leading up.
Found a ration.
Found a stone staircase leading down.
A frilled lizard comes into view.
The frilled lizard hisses angrily.
Saving game... please wait.
Welcome back, leisz the Troll Warper.
Press ? for a list of commands and other information.
Are you sure you want to abandon this character and quit the game? (Confirm with "yes".)

### ..# # #.#
#.#####.#
###.#..##.#
...<..##.#
#.#..##.####
#..<.......#
###..!####@#
#.........l.....
#...##.....<...#
###.##.#.#...#.#
...#....%....
.....>.#......
.....### ##...
..# ...


You could see a frilled lizard.

Vanquished Creatures
  A giant cockroach (D:1)
  A hobgoblin (D:1)
  A ball python (D:1)
  A bat (D:1)
4 creatures vanquished.

Notes
Turn   | Place    | Note
-------+----------+-------------------------------------------
     0 | D:1      | leisz the Troll Warper began the quest for the Orb.
     0 | D:1      | Reached XP level 1. HP: 19/19 MP: 1/1
   613 | D:1      | Paralysed by fainting for 7 turns
   633 | D:1      | Paralysed by fainting for 6 turns
   656 | D:1      | Paralysed by fainting for 10 turns
   886 | D:1      | Reached skill level 1 in Throwing
   974 | D:2      | Quit the game

Skill      XL: |  1 |
---------------+----+-----
Throwing       | 1 |  1.0
Dodging        | 2 |  2.0
Fighting       | |  1.6
Maces & Flails | |  1.8
Spellcasting   | |  1.3
Translocations | |  2.1

Action                   || total
-------------------------++-------
Melee: Mace              ||    14
  Eat: Ration            ||     2
Armor: Robe              ||   615
Dodge: Dodged            ||   758
